 Dungeon Crawl Stone Soup version 0.17-a0-427-ga655056 (webtiles) character file.

1312 McCoppin the Grappler (level 8, -2/74 HPs)
             Began as a Troll Chaos Knight on Apr 3, 2015.
             Slain by an ice devil (31 damage)
             ... summoned by Xom
             ... on level 6 of the Dungeon.
             The game lasted 00:11:09 (3417 turns).

McCoppin the Grappler (Troll Chaos Knight)          Turns: 3417, Time: 00:11:09

Health: -2/74      AC:  6    Str: 19    XL:     8   Next: 32%
Magic:  7/7        EV: 12    Int:  8    God:    Xom [......]
Gold:   198        SH:  0    Dex: 13    Spells: 0 memorised, 7 levels left

rFire  . . .     SeeInvis .       - Unarmed
rCold  . . .     Clarity  .     b - +2 robe
rNeg   . . .     SustAb   .     (no shield)
rPois  +         Gourm    +     (helmet restricted)
rElec  .         Spirit   .     (no cloak)
rCorr  .         Warding  .     (gloves unavailable)
rMut   .         Stasis   .     (boots unavailable)
MR     .....                    (no amulet)
Stlth  +.........               (no ring)
                                (no ring)

@: not resistant to hostile enchantments, very unstealthy
A: unfitting armour, claws 3, hooves 1, agile 1, blurry vision 2, deformed body,
fast metabolism 3, gourmand, poison resistance, regeneration 3, shaggy fur 1,
tough skin 2, weak 1
a: Renounce Religion


You were on level 6 of the Dungeon.
You worshipped Xom.
You were a very special plaything of Xom.
You were very full.

You visited 1 branch of the dungeon, and saw 6 of its levels.

You collected 198 gold pieces.

Inventory:

Hand weapons
 g - a +3 giant club of chaos
Missiles
 s - 2 throwing nets (quivered)
Armour
 b - a +2 robe (worn)
Magical devices
 n - a wand of draining (3)
 t - a wand of teleportation (3)
Scrolls
 c - 2 scrolls of fog
 e - a scroll of blinking
 i - 2 scrolls of magic mapping
 k - a scroll of remove curse {unknown}
 o - a scroll of amnesia
Potions
 f - a potion of magic
 q - 2 potions of brilliance
 r - 2 potions of poison
Books
 p - a book of Minor Magic

   Spells                             Type                      Level
   a - Magic Dart                     Conjuration                  1
   b - Blink                          Translocation                2
   c - Call Imp                       Summoning                    2
   d - Repel Missiles                 Charms/Air                   2
   e - Slow                           Hexes                        2
   f - Conjure Flame                  Conjuration/Fire             3
   g - Mephitic Cloud                 Conjuration/Poison/Air       3
Comestibles
 a - 4 bread rations
 d - a meat ration
 h - a slice of pizza
 j - a royal jelly
 l - a chunk of flesh


   Skills:
 - Level 2.4 Fighting
 + Level 5.2 Dodging
 * Level 8.9 Unarmed Combat


You had 7 spell levels left.
You didn't know any spells.

Dungeon Overview and Level Annotations

Branches:
Dungeon (6/15)
 Temple: D:4-7

Altars:
Ashenzari
Makhleb

Annotations:
D:6 RobertPalmer's ghost, experienced OpTm


Innate Abilities, Weirdness & Mutations

You are too large for most types of armour.
You have claws for hands.
Your metabolism is lightning-fast.
You like to eat raw meat.
You regenerate.
You are covered in fur (AC +1).
You have very tough skin (AC +2).
You have large cloven feet.
You are agile. (Dex +2)
Scrolls take you longer to read.
Armour fits poorly on your strangely shaped body.
Your system is resistant to poisons.
You are weak. (Str -2)


Message History

RobertPalmer's ghost hits you.
You closely miss RobertPalmer's ghost.
RobertPalmer's ghost is heavily damaged.
RobertPalmer's ghost barely misses you.
You scratch RobertPalmer's ghost.
RobertPalmer's ghost is heavily damaged. "Time to have some fun!"
RobertPalmer's ghost hits you.
You scratch RobertPalmer's ghost. Your claw misses RobertPalmer's ghost.
RobertPalmer's ghost is heavily damaged.
You hear Xom's maniacal laughter.
Your body is wracked with pain!
You emit a cloud of colourful smoke!
RobertPalmer's ghost hits you but does no damage.
You scratch RobertPalmer's ghost but do no damage.
Your kick misses RobertPalmer's ghost.
RobertPalmer's ghost is heavily damaged.
The ice devil hits you! The ice devil freezes you!!
You die...
Xom giggles madly!

#.......##.......+
........#........#
.........#........#
..........#........##
...........#.........#
......... #.........#
.......#..5......#
.....'.5§......#
#.W@§....>#
#...35....#
#........## ##
#.....[..##..##
#.............#
###...##.########
##+###.######.#
+.............#
#.............#


You could see an ice devil, 2 iron imps, RobertPalmer's ghost and a crimson imp.

Vanquished Creatures
  Eustachio (D:5)
  Duvessa (D:4)
  An ice beast (D:5)
  A sky beast (D:5)
  A centaur (D:5)
  A phantom (D:5)
  An ogre (D:6)
  Dowan (D:4)
  A scorpion (D:6)
  A giant frog zombie (D:5)
  A goliath beetle (D:6)
  2 orc wizards
  An orc priest (D:3)
  A centaur skeleton (D:5)
  A hound (D:4)
  4 worker ants
  An iron imp (D:5)
  3 gnolls (D:2)
  3 adders
  A white imp (D:5)
  2 worms (D:4)
  An ufetubus (D:5)
  5 giant geckos
  An ooze (D:3)
  25 orcs
  A ball python (D:4)
  8 bats
  A bat skeleton (D:4)
  7 giant cockroaches
  10 goblins
  4 hobgoblins
  4 jackals (D:3)
  3 giant newts
  11 kobolds
  2 quokkas
  10 rats
123 creatures vanquished.

Vanquished Creatures (collateral kills)
  An orc wizard (D:3)
1 creature vanquished.

Grand Total: 124 creatures vanquished

Notes
Turn   | Place    | Note
--------------------------------------------------------------
     0 | D:1      | McCoppin, the Troll Chaos Knight, began the quest for the Orb.
     0 | D:1      | Reached XP level 1. HP: 22/22 MP: 0/0
   153 | D:1      | Reached XP level 2. HP: 29/29 MP: 1/1
   502 | D:2      | XOM is BORED!
   502 | D:2      | XOM: mild Fire miscast
   586 | D:2      | Reached XP level 3. HP: 36/36 MP: 2/2
   591 | D:2      | Reached skill level 4 in Unarmed Combat
   815 | D:3      | XOM: confuse monster(s)
   885 | D:3      | Reached XP level 4. HP: 44/44 MP: 3/3
   904 | D:3      | XOM: silly message
   974 | D:3      | XOM: harmless Trmt miscast
  1051 | D:3      | XOM is BORED!
  1051 | D:3      | XOM: noise
  1243 | D:3      | Found a burning altar of Makhleb.
  1273 | D:3      | Found a shattered altar of Ashenzari.
  1410 | D:3      | XOM: summons friendly ufetubus
  1413 | D:3      | Reached skill level 5 in Unarmed Combat
  1413 | D:3      | Reached XP level 5. HP: 38/50 MP: 4/4
  1662 | D:4      | Noticed Duvessa
  1671 | D:4      | XOM: noise
  1674 | D:4      | Noticed Dowan
  1692 | D:4      | Killed Duvessa
  1692 | D:4      | Reached XP level 6. HP: 24/59 MP: 5/5
  1697 | D:4      | XOM: confuse monster(s)
  1705 | D:4      | XOM: butterfly on damage
  1707 | D:4      | Killed Dowan
  1707 | D:4      | Reached skill level 6 in Unarmed Combat
  1837 | D:4      | Gained mutation: You regenerate. [potion of mutation]
  1837 | D:4      | Gained mutation: Armour fits poorly on your strangely shaped body. [potion of mutation]
  1837 | D:4      | Gained mutation: You have large cloven feet. [potion of mutation]
  1913 | D:4      | XOM: 5-stop teleportation journey
  2020 | D:4      | XOM: give mutations
  2020 | D:4      | Gained mutation: Your system is resistant to poisons. [Xom's mischief]
  2020 | D:4      | Gained mutation: Scrolls take you a little longer to read. [Xom's mischief]
  2020 | D:4      | Gained mutation: You are frail (-10% HP). [Xom's mischief]
  2020 | D:4      | Lost mutation: You are frail (-10% HP). [Xom's mischief]
  2080 | D:4      | XOM: harmless Air miscast
  2449 | D:5      | Entered Level 5 of the Dungeon
  2451 | D:5      | Noticed Eustachio
  2476 | D:5      | XOM: swap monsters
  2484 | D:5      | Killed Eustachio
  2484 | D:5      | Reached skill level 7 in Unarmed Combat
  2484 | D:5      | Reached XP level 7. HP: 34/66 MP: 6/6
  2623 | D:5      | XOM: 3-stop teleportation journey
  2684 | D:5      | XOM: mild Tloc miscast
  2704 | D:5      | Reached skill level 8 in Unarmed Combat
  2704 | D:5      | Reached XP level 8. HP: 74/74 MP: 7/7
  2781 | D:5      | XOM: enchant monster (bad)
  2796 | D:5      | Reached skill level 5 in Dodging
  2804 | D:5      | Gained mutation: You are weak. (Str -2) [mutagenic meat]
  2805 | D:5      | Gained mutation: Scrolls take you longer to read. [mutagenic meat]
  2807 | D:5      | Gained mutation: You are agile. (Dex +2) [potion of beneficial mutation]
  2914 | D:5      | XOM: 1-stop teleportation journey
  3062 | D:5      | XOM: silly message
  3182 | D:6      | Noticed RobertPalmer's ghost (experienced OpTm)
  3182 | D:6      | XOM: divination: detect creatures
  3191 | D:6      | XOM: harmless Chrm miscast
  3213 | D:6      | XOM: medium Air miscast
  3215 | D:6      | XOM: medium Hex miscast
  3221 | D:6      | XOM: 3-stop teleportation journey
  3225 | D:6      | XOM: blink monster(s)
  3244 | D:6      | XOM: chaos upgrade
  3284 | D:6      | XOM: harmless Air miscast
  3309 | D:6      | XOM: noise
  3415 | D:6      | XOM: summons 4 hostile demons
  3416 | D:6      | Noticed an ice devil
  3416 | D:6      | XOM: smoke on damage
  3416 | D:6      | XOM: torment (37/74 hp)
  3417 | D:6      | Slain by an ice devil

Action                   |  1- 3 |  4- 6 |  7- 9 || total
-------------------------+-------+-------+-------++-------
Melee: Unarmed           |   101 |   173 |   149 ||   423
  Use: Scroll            |       |     3 |     5 ||     8
       Potion            |       |     1 |     5 ||     6
 Stab: Confused          |       |     1 |       ||     1
  Eat: Chunk             |     5 |    17 |    13 ||    35
       Bread ration      |     1 |       |       ||     1
